 Dungeon Sprint DCSS version 0.30-a0-465-g8901f6c8b5 (webtiles) character file.

Game seed: 1996729124918251144

62 rocky1 the Poker (level 3, -2/31 HPs)
             Began as a Minotaur Fighter on Dec 19, 2022.
             Drowned by a water elemental (5 damage)
             ... in the Dungeon (Sprint III: "The Ten Rune Challenge").
             The game lasted 00:01:00 (228 turns).

rocky1 the Poker (Minotaur Fighter)                  Turns: 228, Time: 00:01:01

Health: -2/31      AC:  6    Str: 22    XL:     3   Next: 85%
Magic:  2/2        EV:  9    Int:  5    God:
Gold:   15         SH:  5    Dex:  9    Spells: 2/2 levels left

rFire   . . .      SeeInvis .    a - +0 trident
rCold   . . .      Faith    .    c - +0 buckler
rNeg    . . .      Spirit   .    b - +0 scale mail
rPois   .          Reflect  .    (helmet restricted)
rElec   .          Harm     .    (no cloak)
rCorr   .          Rampage  .    (no gloves)
Will    .....      NoTele   +    (no boots)
Stlth   ..........               (no amulet)
HPRegen 0.25/turn                (no ring)
MPRegen 0.08/turn                (no ring)

@: engulfed (cannot breathe)
A: horns 2, retaliatory headbutt
a: no special abilities


You were in the Dungeon.
You visited 1 branch You collected 15 gold pieces.

Inventory:

Hand Weapons
 a - a +0 trident (weapon)
Armour
 b - a +0 scale mail (worn)
 c - a +0 buckler (worn)
Jewellery
 k - a ring of wizardry
Scrolls
 j - a scroll of blinking
 l - a scroll of torment {unknown}
 m - 4 scrolls of identify
 n - a scroll of immolation {unknown}
Potions
 d - a potion of might
 e - 2 potions of curing
 f - 2 potions of heal wounds
 g - 2 potions of haste
 h - 2 potions of magic
 i - a potion of berserk rage
 o - 4 potions of mutation


   Skills:
 - Level 3.6 Fighting
 * Level 7.8 Polearms
 - Level 3.6 Armour
 + Level 6.3 Shields


You had 2 spell levels left.
You didn't know any spells.
Your spell library was empty.

Dungeon Overview and Level Annotations

Branches:
Dungeon (1/1)

Altars:


Innate Abilities, Weirdness & Mutations

You have a pair of horns on your head.
You reflexively headbutt those who attack you in melee.


Message History

The wolf is moderately wounded.
The wolf bites you!
You puncture the wolf!
The wolf is almost dead.
The wolf barely misses you. x2; You furiously retaliate!
You headbutt the wolf!
You kill the wolf!
No target in view!
You start resting.
HP restored.
You open the door.
Found 15 gold pieces and 2 potions of mutation.
There is an open door here.
You now have 4 gold pieces.
l - a scroll labelled SEFFEOS JUNG;
m - 2 scrolls of identify
e - 2 potions of curing (gained 1)
Things that are here:
a potion of mutation; 2 potions of mutation
n - a scroll labelled WEL SOGEJOSI;
m - 4 scrolls of identify (gained 2)
f - 2 potions of heal wounds (gained 1);
g - 2 potions of haste (gained 1)
You see here a potion of mutation.
You now have 15 gold pieces (gained 11).
You see here a potion of mutation.
o - a potion of mutation
o - 2 potions of mutation (gained 1);
o - 4 potions of mutation (gained 2)
There is an open door here.
You open the door.
A water elemental comes into view.
You reach to attack!
You barely miss the water elemental. You hit the water elemental.
The water elemental is lightly damaged.
The water elemental hits you!
The water elemental engulfs you in water!
You puncture the water elemental!
The water elemental is heavily damaged.
Your lungs strain for air!
The water elemental hits you!
* * * LOW HITPOINT WARNING * * *
You barely miss the water elemental.
The water elemental is heavily damaged.
You die...

▓▓▓▓▓▓▓▓ ▓▓▓ <..#[..####
##.# ...#......#####..#
..##....†..#..#..#
##.##.##...#..#..# #+#+#
##.##.###..##'#..#......
#.####.##..###..@E.⌠....
.###..##..####...#...###
#.....##..###....# ⌠.#
###..##.).##.....# .#
##..##....#......# #
#..###..##.#.....# #..#
#.. ####....# ▓▓▓▓ ▓▓▓
▓▓▓▓▓▓


You could see a water elemental.

Vanquished Creatures
  Jessica (D)
  A human (D)
  A wolf (D)
  2 endoplasms (D)
  A rat (D)
6 creatures vanquished.

Notes
Turn   | Place    | Note
-------+----------+-------------------------------------------
     0 | D        | rocky1 the Minotaur Fighter began the quest for the Orb.
     0 | D        | Reached XP level 1. HP: 19/19 MP: 0/0
     9 | D        | Reached skill level 3 in Polearms
    37 | D        | Noticed Jessica
    46 | D        | Killed Jessica
    47 | D        | Reached skill level 6 in Polearms
    47 | D        | Reached skill level 5 in Shields
    47 | D        | Reached XP level 2. HP: 24/26 MP: 1/1
    47 | D        | Reached XP level 3. HP: 29/31 MP: 2/2
    66 | D        | Reached skill level 7 in Polearms
   224 | D        | Noticed a water elemental
   228 | D        | Drowned by a water elemental

Illustrated notes

Levels and vault maps discovered:
D:        dungeon_sprint_mu [sprint_mu_entry_cave, sprint_mu_temple_rooms,
          sprint_mu_d1_spiders, sprint_mu_d2_genie, sprint_mu_d3_branching,
          sprint_mu_orc_legion, sprint_mu_elf_gauntlet, sprint_mu_hive_nellie,
          sprint_mu_lair_fedhas, sprint_mu_vaults_butterflies,
          sprint_mu_slime_circle, sprint_mu_swamp_cave, sprint_mu_shoals_kraken,
          sprint_mu_blade_basic, sprint_mu_crypt_fortress,
          sprint_mu_tomb_spiral, sprint_mu_vestibule_basic,
          sprint_mu_gehenna_hellfire, sprint_mu_dis_giant,
          sprint_mu_tartarus_statrot, sprint_mu_cocytus_islands, sprint_mu_zot1]

Skill      XL: |  1  2  3 |
---------------+----------+-----
Polearms       | 6 7 |  7.8
Shields        | 5 6 |  6.3
Fighting       | |  3.6
Armour         | |  3.6

Action                   || total
-------------------------++-------
Melee: Trident           ||    24
       Headbutt          ||     2
Armor: Scale mail        ||     3
Dodge: Dodged            ||     7

Table legend: (Time is in decaauts)
 A = Elapsed time spent in this place.
 B = Non-inter-level travel time spent in this place.
 C = Inter-level travel time spent in this place.
 D = Time resting spent in this place.
 E = Time spent auto-exploring this place.
 F = Levels seen in this place.
 G = Mean time per level.
                   A        B        C        D        E       F      G
               +--------+--------+--------+--------+--------+-----+--------+
         Total |    229 |    229 |      0 |    128 |      0 |   1 |  229.0 |
       Dungeon |    229 |    229 |      0 |    128 |      0 |   1 |  229.0 |
               +--------+--------+--------+--------+--------+-----+--------+

Top non-repeatable levels by time:
       D: 229 daAuts
